 Dungeon Crawl Stone Soup version 0.31-a0-1074-g0b22e4e0f1 (webtiles) character file.

Game seed: 14554236570851192399

117 pokeman the Magician (level 4, -5/25 HPs)
             Began as a Deep Elf Hedge Wizard on Dec 2, 2023.
             Slain by a gnoll sergeant
             ... wielding a +0 trident
              (8 damage)
             ... on level 3 of the Dungeon.
             The game lasted 00:04:19 (3337 turns).

pokeman the Magician (Deep Elf Hedge Wizard)        Turns: 3337, Time: 00:04:20

Health: -5/25      AC:  2    Str:  7    XL:     4   Next: 71%
Magic:  3/13       EV: 12    Int: 21    God:
Gold:   189        SH:  0    Dex: 14    Spells: 6/14 levels left

rFire   . . .        a - +0 dagger
rCold   . . .        (no shield)
rNeg    . . .        b - +0 robe
rPois   .            c - +0 hat
rElec   .            (no cloak)
rCorr   .            (no gloves)
SInv    .            (no boots)
Will    .....        (no amulet)
Stlth   ++           (no ring)
HPRegen 0.24/turn    (no ring)
MPRegen 0.13/turn

%: no passive effects
@: no status effects
A: no striking features
a: no special abilities


You were on level 3 of the Dungeon.
You visited 1 branch of the dungeon, and saw 3 of its levels.

You collected 189 gold pieces.

Inventory:

Hand Weapons
 a - a +0 dagger (weapon)
Missiles
 g - 3 curare-tipped darts
Armour
 b - a +0 robe (worn)
 c - a +0 hat (worn)
Scrolls
 i - a scroll of torment {unknown}
 j - 2 scrolls of noise {unknown}
 n - a scroll of brand weapon {unknown}
 p - 2 scrolls of identify {unknown}
 q - 2 scrolls of enchant weapon {unknown}
 r - a scroll of fog {unknown}
Potions
 d - a potion of magic
 e - a potion of might {unknown}
 f - a potion of degeneration {unknown}
 h - 3 potions of enlightenment {unknown}
 k - a potion of curing {unknown}
 l - a potion of resistance {unknown}
 m - a potion of mutation {unknown}
 o - a potion of berserk rage {unknown}


   Skills:
 - Level 1.0 Fighting
 - Level 1.0 Armour
 + Level 2.8 Dodging
 + Level 2.9 Stealth
 * Level 5.8 Spellcasting
 + Level 2.3 Conjurations
 - Level 1.1 Summonings
 - Level 1.1 Translocations


You had 6 spell levels left.
You knew the following spells:

 Your Spells              Type           Power      Damage    Failure   Level
a - Magic Dart            Conj           64%        1d6       3%          1
b - Mephitic Cloud        Conj/Pois/Air  9%         N/A       22%         3
c - Call Imp              Summ           20%        N/A       10%         2
d - Blink                 Tloc           20%        N/A       10%         2

Your spell library contained the following spells:

 Spells                   Type           Power      Damage    Failure   Level
 Slow                     Hex            24%        N/A       10%         1
 Cigotuvi's Dreadful Rot  Necr/Pois/Air  12%        N/A       16%         2
 Ensorcelled Hibernation  Hex/Ice        12%        N/A       16%         2
 Jinxbite                 Hex            12%        N/A       16%         2
 Anguish                  Hex/Necr       3%         N/A       69%         4


Dungeon Overview and Level Annotations

Branches:
Dungeon (3/15)

Altars:

Shops:
D:2 :


Message History

The gnoll sergeant appears confused.
The gnoll sergeant grins madly.
Unknown command.
Casting: Call Imp (safe; 10% risk of failure)
Confirm with . or Enter, or press ? or * to list all spells.
Aiming: Magic Dart (safe; 3% risk of failure)
Press: ? - help, Shift-Dir - straight line, f/p - gnoll sergeant
Aim: a gnoll sergeant, wielding a +0 trident, wearing a +0 scale mail and wearing a +0 buckler (noxious fumes, severely wounded, confused, ally target, 100% to hit)
The magic dart hits the gnoll sergeant but does no damage.
The gnoll sergeant is severely wounded.
The gnoll sergeant is engulfed in noxious fumes.
You hit the gnoll sergeant but do no damage.
The gnoll sergeant is severely wounded.
Your cerulean imp hits the gnoll sergeant with a -3 spear.
You hit the gnoll sergeant but do no damage.
The gnoll sergeant is severely wounded.
The gnoll sergeant closely misses you.
Your cerulean imp hits the gnoll sergeant with a -3 spear.
You hit the gnoll sergeant.
The gnoll sergeant is almost dead.
The gnoll sergeant hits you with a +0 trident.
Your cerulean imp completely misses the gnoll sergeant.
You hit the gnoll sergeant but do no damage.
The gnoll sergeant is almost dead.
The gnoll sergeant hits you but does no damage.
Your cerulean imp hits the gnoll sergeant but does no damage.
You hit the gnoll sergeant but do no damage.
The gnoll sergeant is almost dead.
The gnoll sergeant hits you with a +0 trident.
Your cerulean imp hits the gnoll sergeant with a -3 spear.
You hit the gnoll sergeant but do no damage.
The gnoll sergeant is almost dead.
The gnoll sergeant hits you with a +0 trident!
* * * LOW HITPOINT WARNING * * *
Your cerulean imp closely misses the gnoll sergeant.
Unknown command.
You hit the gnoll sergeant but do no damage.
The gnoll sergeant is almost dead.
The gnoll sergeant hits you with a +0 trident!
You die...

#..#####
..♣....
#......#
)..♣.
###.####
..... #.#
.!. #.# ..)
#.# ♣)♣
#.####
♣)♣#######
#....#
#.##g#...#
####.#
#...@5...#
#.#
######...#
#.# ##.##
#.# #.# #.#
#.# ## #.#
#.# .# #.#
.#########.#
.# #.#
...........#
.#####.#
######.#.##


You could see a gnoll sergeant (confused, ally target) and a friendly cerulean
imp (summoned).

Vanquished Creatures
  2 gnolls (D:3)
  4 adders
  A worm (D:2)
  3 dart slugs
  4 ball pythons
  4 bats (D:1)
  3 endoplasms (D:1)
  2 giant cockroaches (D:2)
  4 goblins
  3 hobgoblins
  4 jackals (D:1)
  6 quokkas
  A frilled lizard (D:3)
  4 kobolds
  8 rats
53 creatures vanquished.

Notes
Turn   | Place    | Note
-------+----------+-------------------------------------------
     0 | D:1      | pokeman the Deep Elf Hedge Wizard began the quest for the
                  | Orb.
     0 | D:1      | Reached XP level 1. HP: 10/10 MP: 7/7
   384 | D:1      | Reached XP level 2. HP: 7/16 MP: 0/9
   912 | D:1      | Reached skill level 5 in Spellcasting
  1079 | D:1      | Reached XP level 3. HP: 20/20 MP: 9/11
  1083 | D:1      | Learned a level 3 spell: Mephitic Cloud
  1086 | D:1      | Learned a level 2 spell: Call Imp
  1089 | D:1      | Learned a level 2 spell: Blink
  1595 | D:2      | Found a faded altar of an unknown god.
  1759 | D:2      | Found Deloit's Book Boutique.
  1886 | D:2      | Reached skill level 1 in Fighting
  1886 | D:2      | Reached skill level 1 in Armour
  2140 | D:2      | Reached XP level 4. HP: 25/25 MP: 5/13
  2914 | D:3      | Noticed a gnoll sergeant
  3337 | D:3      | Slain by a gnoll sergeant

Illustrated notes

Levels and vault maps discovered:
D:1:      mrwooster_arrival_statue_3, layout_basic,
          minmay_misc_feat_more_columns
D:2:      layout_loops_ring, shapermc_ecumenical_altar_starsandcircs,
          serial_shops, shop
D:3:      layout_loops_ring, nrook_loot_triangle, pf_guarded_unrand_woodcutter

Skill      XL: |  1  2  3 |
---------------+----------+-----
Spellcasting   | 5 |  5.8
Fighting       | 1 |  1.0
Armour         | 1 |  1.0
Conjurations   | 2 |  2.3
Dodging        | |  2.8
Stealth        | |  2.9
Summonings     | |  1.1
Translocations | |  1.1

Action                     |  1- 3 |  4- 6 || total
---------------------------+-------+-------++-------
  Melee: Dagger            |    12 |    18 ||    30
   Cast: Magic Dart        |   107 |    43 ||   150
         Mephitic Cloud    |       |     4 ||     4
         Call Imp          |       |     3 ||     3
   Stab: Confused          |       |     1 ||     1
 Armour: Robe              |    26 |     9 ||    35
  Dodge: Dodged            |    33 |     7 ||    40

Table legend: (Time is in decaauts)
 A = Elapsed time spent in this place.
 B = Non-inter-level travel time spent in this place.
 C = Inter-level travel time spent in this place.
 D = Time resting spent in this place.
 E = Time spent auto-exploring this place.
 F = Levels seen in this place.
 G = Mean time per level.
                   A        B        C        D        E       F      G
               +--------+--------+--------+--------+--------+-----+--------+
         Total |   3338 |   3250 |     88 |     35 |   2863 |   3 | 1112.7 |
       Dungeon |   3338 |   3250 |     88 |     35 |   2863 |   3 | 1112.7 |
               +--------+--------+--------+--------+--------+-----+--------+

Top non-repeatable levels by time:
     D:1: 1488 daAuts
     D:2: 1026 daAuts
     D:3: 823 daAuts
